 Dungeon Crawl Stone Soup version 0.26-a0-720-g2a1d101370 (webtiles) character file.

Game seed: 1571226497674376116

394 robertstho the Firebug (level 6, -16/44 HPs)
             Began as a Gnoll Fire Elementalist on Nov 3, 2020.
             Demolished by an ogre
             ... wielding a +0 giant spiked club
              (20 damage)
             ... on level 4 of the Dungeon.
             The game lasted 00:06:12 (3676 turns).

robertstho the Firebug (Gnoll Fire Elementalist)    Turns: 3676, Time: 00:06:12

Health: -16/44     AC:  3    Str:  6    XL:     6   Next: 81%
Magic:  14/14      EV: 15    Int: 20    God:
Gold:   267        SH:  0    Dex: 15    Spells: 14/15 levels left

rFire    . . .     SeeInvis .   n - +0 dagger (freeze)
rCold    . . .     Faith    .   (no shield)
rNeg     . . .     Spirit   .   a - +0 robe
rPois    .         Reflect  .   (no helmet)
rElec    .         Harm     .   (no cloak)
rCorr    .         Rampage  .   d - +0 pair of gloves
MR       .....                  (no boots)
Stlth    +++.......             l - amulet of magic regeneration
HPRegen  0.14/turn              v - -4 ring of strength (curse)
MPRegen  0.39/turn              (no ring)

@: no status effects
A: distributed training, fangs 1, strong nose
a: no special abilities


You were on level 4 of the Dungeon.
You visited 1 branch of the dungeon, and saw 4 of its levels.

You collected 267 gold pieces.

Inventory:

Hand Weapons
 c - a +0 dagger
 k - a +0 short sword
 n - a +0 dagger of freezing (weapon)
Armour
 a - a +0 robe (worn)
 d - a +0 pair of gloves (worn)
 t - a scarf of harm
Jewellery
 l - an amulet of magic regeneration (around neck)
 v - a cursed -4 ring of strength (left hand)
 y - an uncursed ring of poison resistance {unknown}
Wands
 u - a wand of flame (4)
Scrolls
 b - 2 scrolls of fog {unknown}
 f - 4 scrolls of identify
 g - a scroll of blinking {unknown}
 h - 2 scrolls of teleportation {unknown}
 j - a scroll of random uselessness {unknown}
 p - 3 scrolls of remove curse
 w - a scroll of enchant weapon {unknown}
Potions
 i - a potion of heal wounds {unknown}
 o - a potion of stabbing


   Skills:
 + Level 2.1 Fighting
 + Level 2.1 Short Blades
 + Level 2.1 Long Blades
 + Level 2.1 Axes
 + Level 2.1 Maces & Flails
 + Level 2.1 Polearms
 + Level 2.1 Staves
 + Level 2.1 Slings
 + Level 2.1 Bows
 + Level 2.1 Crossbows
 + Level 2.1 Throwing
 + Level 2.1 Armour
 + Level 5.0 Dodging
 + Level 4.7 Stealth
 + Level 2.1 Shields
 + Level 2.1 Unarmed Combat
 + Level 5.4 Spellcasting
 + Level 2.7 Conjurations
 + Level 1.7 Hexes
 + Level 1.7 Summonings
 + Level 1.7 Necromancy
 + Level 1.7 Translocations
 + Level 1.7 Transmutations
 + Level 5.7 Fire Magic
 + Level 1.7 Ice Magic
 + Level 1.7 Air Magic
 + Level 1.7 Earth Magic
 + Level 1.7 Poison Magic
 + Level 2.3 Invocations
 + Level 2.1 Evocations


You had 14 spell levels left.
You knew the following spells:

 Your Spells              Type           Power        Failure   Level
a - Foxfire               Conj/Fire      ###.         1%          1

Your spell library contained the following spells:

 Spells                   Type           Power        Failure   Level
 Conjure Flame            Conj/Fire      ###.....     6%          3
 Inner Flame              Hex/Fire       ###.....     7%          3
 Sticky Flame             Conj/Fire      ###.....     19%         4
 Fireball                 Conj/Fire      ###.......   47%         5


Dungeon Overview and Level Annotations

Branches:
Dungeon (4/15)
 Temple: D:4-7

Altars:
Ashenzari
Cheibriados
Makhleb
Qazlal
Trog
Uskayaw
Vehumet
Yredelemnul


Innate Abilities, Weirdness & Mutations

Your experience applies equally to all skills.
You have very sharp teeth.
Your uncanny sense of smell can sniff out nearby items.


Message History

The orc hits you but does no damage.
The orc priest begins to cast a cantrip, but forgets the words!
The worker ant barely misses you.
It was a potion of cancellation.
Your magical effects are unravelling.
You feel magically purged.
You feel less wooden.
Your +0 pair of gloves unmelds from your body.
Your +0 robe unmelds from your body.
You feel a little less mighty now.
You feel less ready to backstab. The orc barely misses you.
The orc hits you from afar with a +0 trident.
* * * LOW HITPOINT WARNING * * *
The worker ant closely misses you.
As you read the scroll labeled EGGUIRPHITO, it crumbles to dust.
You assume a fearsome visage.
The worker ant looks frightened!
The orc priest looks frightened!
The orc looks frightened! x2
The ogre resists with some effort.
It was a scroll of fear.
The ogre hits you with a +0 giant spiked club!!
You die...

#... ####.. #... #.....
#... #..... #... #....#
#... #....# ##.. #.o..#
....>
####..Bo################
......O@o...............
.#######################


You could see an ogre, a worker ant (fleeing), an orc priest (fleeing) and 2
orcs.

Vanquished Creatures
  A phantom (D:4)
  An orc priest (D:4)
  Jessica (D:2)
  Terence (D:3)
  2 orc wizards (D:4)
  Ijyb (D:3)
  A hound skeleton (D:4)
  4 adders
  An adder skeleton (D:4)
  A worm (D:3)
  A dart slug (D:2)
  A leopard gecko (D:2)
  6 orcs
  4 giant cockroaches
  11 goblins
  10 hobgoblins
  4 jackals
  14 kobolds
  A quokka (D:2)
  3 ball pythons
  6 bats
  2 frilled lizards
  7 rats
84 creatures vanquished.

Vanquished Creatures (others)
  285 foxfires
285 creatures vanquished.

Grand Total: 369 creatures vanquished

Notes
Turn   | Place    | Note
-------+----------+-------------------------------------------
     0 | D:1      | robertstho the Gnoll Fire Elementalist began the quest for
                  | the Orb.
     0 | D:1      | Reached XP level 1. HP: 13/13 MP: 6/6
   262 | D:1      | Reached XP level 2. HP: 19/19 MP: 1/7
   958 | D:2      | Reached XP level 3. HP: 25/25 MP: 6/9
  1041 | D:2      | Reached skill level 5 in Spellcasting
  1202 | D:2      | Reached skill level 1 in Invocations
  1418 | D:2      | Reached skill level 1 in Fighting
  1418 | D:2      | Reached skill level 1 in Short Blades
  1418 | D:2      | Reached skill level 1 in Long Blades
  1418 | D:2      | Reached skill level 1 in Axes
  1418 | D:2      | Reached skill level 1 in Maces & Flails
  1418 | D:2      | Reached skill level 1 in Polearms
  1418 | D:2      | Reached skill level 1 in Staves
  1418 | D:2      | Reached skill level 1 in Slings
  1418 | D:2      | Reached skill level 1 in Bows
  1418 | D:2      | Reached skill level 1 in Crossbows
  1418 | D:2      | Reached skill level 1 in Throwing
  1418 | D:2      | Reached skill level 1 in Armour
  1418 | D:2      | Reached skill level 1 in Shields
  1418 | D:2      | Reached skill level 1 in Unarmed Combat
  1418 | D:2      | Reached skill level 1 in Evocations
  1526 | D:2      | Reached XP level 4. HP: 32/32 MP: 9/11
  1553 | D:2      | Found a basalt altar of Yredelemnul.
  1565 | D:2      | Noticed Jessica
  1573 | D:2      | Killed Jessica
  1700 | D:2      | Found a broken altar of Ashenzari.
  1709 | D:2      | Reached skill level 1 in Hexes
  1709 | D:2      | Reached skill level 1 in Summonings
  1709 | D:2      | Reached skill level 1 in Necromancy
  1709 | D:2      | Reached skill level 1 in Translocations
  1709 | D:2      | Reached skill level 1 in Transmutations
  1709 | D:2      | Reached skill level 1 in Ice Magic
  1709 | D:2      | Reached skill level 1 in Air Magic
  1709 | D:2      | Reached skill level 1 in Earth Magic
  1709 | D:2      | Reached skill level 1 in Poison Magic
  1808 | D:2      | Found a burning altar of Makhleb.
  1818 | D:2      | Found a hide-covered altar of Uskayaw.
  1869 | D:2      | Found a radiant altar of Vehumet.
  1935 | D:2      | Found a bloodstained altar of Trog.
  2706 | D:3      | Reached XP level 5. HP: 37/37 MP: 9/12
  2736 | D:3      | Noticed Ijyb
  2753 | D:3      | Killed Ijyb
  3128 | D:3      | Noticed Terence
  3137 | D:3      | Killed Terence
  3503 | D:4      | Noticed a phantom
  3520 | D:4      | Reached XP level 6. HP: 42/44 MP: 6/13
  3536 | D:4      | Killed a phantom
  3536 | D:4      | Reached skill level 5 in Dodging
  3579 | D:4      | Found a snail-covered altar of Cheibriados.
  3631 | D:4      | Found a stormy altar of Qazlal.
  3676 | D:4      | Demolished by an ogre

Illustrated notes

Levels and vault maps discovered:
D:1:      scummos_arrival_simple_crosswalls, layout_basic, lemuel_another_geyser
D:2:      layout_loops_corners, nicolae_overflow_hidden_temple,
          lemuel_crystal_altar, marbit_many_paths, yredelemnul_altar_generic,
          amethyst_overflow_temple_binary, uniq_jessica
D:3:      cheibrodos_greedy_goblins, layout_basic, uniq_terence, uniq_ijyb
D:4:      layout_basic, cheibriados_altar_1, grunt_qazlal_clouds

Skill      XL: |  1  2  3  4  5  6 |
---------------+-------------------+-----
Conjurations   | 2 |  2.7
Spellcasting   | 5 |  5.4
Invocations    | 1 2 |  2.3
Fighting       | 1 2 |  2.1
Short Blades   | 1 2 |  2.1
Long Blades    | 1 2 |  2.1
Axes           | 1 2 |  2.1
Maces & Flails | 1 2 |  2.1
Polearms       | 1 2 |  2.1
Staves         | 1 2 |  2.1
Slings         | 1 2 |  2.1
Bows           | 1 2 |  2.1
Crossbows      | 1 2 |  2.1
Throwing       | 1 2 |  2.1
Armour         | 1 2 |  2.1
Shields        | 1 2 |  2.1
Unarmed Combat | 1 2 |  2.1
Evocations     | 1 2 |  2.1
Hexes          | 1 |  1.7
Summonings     | 1 |  1.7
Necromancy     | 1 |  1.7
Translocations | 1 |  1.7
Transmutations | 1 |  1.7
Ice Magic      | 1 |  1.7
Air Magic      | 1 |  1.7
Earth Magic    | 1 |  1.7
Poison Magic   | 1 |  1.7
Dodging        | 5 |  5.0
Stealth        | |  4.7
Fire Magic     | |  5.7

Action                   |  1- 3 |  4- 6 || total
-------------------------+-------+-------++-------
Melee: Dagger            |     7 |    12 ||    19
       Bite              |     2 |     1 ||     3
       Short sword       |     3 |       ||     3
 Cast: Foxfire           |    63 |   125 ||   188
  Use: Potion            |       |     6 ||     6
       Scroll            |       |     2 ||     2
 Stab: Sleeping          |     1 |       ||     1
Armor: Robe              |     8 |     2 ||    10
       Skin              |       |    30 ||    30
Dodge: Dodged            |    25 |    29 ||    54

Table legend: (Time is in decaauts)
 A = Elapsed time spent in this place.
 B = Non-inter-level travel time spent in this place.
 C = Inter-level travel time spent in this place.
 D = Time resting spent in this place.
 E = Time spent auto-exploring this place.
 F = Levels seen in this place.
 G = Mean time per level.
                   A        B        C        D        E       F      G
               +--------+--------+--------+--------+--------+-----+--------+
         Total |   3672 |   3548 |    124 |     31 |   2932 |   4 |  918.0 |
       Dungeon |   3672 |   3548 |    124 |     31 |   2932 |   4 |  918.0 |
               +--------+--------+--------+--------+--------+-----+--------+

Top non-repeatable levels by time:
     D:2: 1382 daAuts
     D:3: 1148 daAuts
     D:1: 941 daAuts
     D:4: 200 daAuts
